 Dungeon Crawl Stone Soup version 0.30-a0-141-g30f27751c5 (webtiles) character file.

Game seed: 11875792377545254006

992 qw the Chopper (level 8, -5/49 HPs)
             Began as a Gargoyle Fighter on Sept 25, 2022.
             Slain by an ogre
             ... wielding a +0 giant club
              (17 damage)
             ... on level 5 of the Dungeon.
             The game lasted 00:03:54 (4603 turns).

qw the Chopper (Gargoyle Fighter)                   Turns: 4603, Time: 00:03:55

Health: -5/49      AC: 21    Str: 20    XL:     8   Next: 18%
Magic:  8/8        EV:  6    Int:  7    God:
Gold:   264        SH:  5    Dex: 17    Spells: 7/7 levels left

rFire   + . .      SeeInvis .    j - +1 hand axe (vamp)
rCold   . . .      Faith    .    c - +0 buckler
rNeg    + . .      Spirit   .    k - +0 plate armour
rPois   inf        Reflect  .    (no helmet)
rElec   +          Harm     .    e - +0 cloak
rCorr   .          Rampage  .    (no gloves)
Will    .....                    g - +1 pair of boots
Stlth   ..........               o - amulet of regeneration
HPRegen 0.96/turn                (no ring)
MPRegen 0.11/turn                (no ring)

@: no status effects
A: sickness immunity, AC +5, negative energy resistance 1, electricity
resistance, torment resistance 1, petrification resistance, agile 2, fire
resistance 1
a: no special abilities


You were on level 5 of the Dungeon.
You visited 1 branch of the dungeon, and saw 5 of its levels.
You also visited: Sewer.

You collected 264 gold pieces.


Innate Abilities, Weirdness & Mutations

You are immune to sickness and miasma.
Your stone body is resilient. (AC +5)
You are immune to poison.
You resist negative energy. (rN+)
You are resistant to electric shocks. (rElec)
You are resistant to unholy torment.
You are immune to petrification.
You are very agile. (Dex +8, Str/Int -2)
Your flesh is heat resistant. (rF+)


   Skills:
 - Level 5.2 Fighting
 + Level 7.1 Axes
 - Level 5.0 Armour
 - Level 1.0 Dodging
 - Level 3.2 Shields


You had 7 spell levels left.
You didn't know any spells.
Your spell library was empty.

Inventory:

Hand Weapons
 j - a +1 vampiric hand axe (weapon)
 n - a +0 war axe
 s - a +0 mace of protection
Armour
 c - a +0 buckler (worn)
 e - a +0 cloak (worn)
 g - a +1 pair of boots (worn)
 k - a +0 plate armour (worn)
Jewellery
 m - a ring of fire
 o - an amulet of regeneration (around neck)
Scrolls
 a - a scroll of identify
Potions
 d - 3 potions of might
 f - a potion of berserk rage {unknown}
 h - a potion of heal wounds {unknown}
 i - a potion of mutation
 l - a potion of cancellation {unknown}

Dungeon Overview and Level Annotations

Branches:
Dungeon (5/15)              Sewer (visited)
 Temple: D:4-7

Altars:
Dithmenos
Gozag
Nemelex Xobeh
Okawaru
Qazlal
Trog
Vehumet
Zin

Annotations:
D:3 4 runed translucent doors, Crazy Yiuf; qw's ghost, amateur GrFi


Message History

Sorry, I don't know how to get there.
Sorry, I don't know how to get there.
4587 ||| Stepping randomly (stuck).
There is a stone staircase leading up here.
Sorry, I don't know how to get there.
Sorry, I don't know how to get there.
4588 ||| Stepping randomly (stuck).
An ogre comes into view. It is wielding a +0 giant club.
4589 ||| FLEEEEING.
There is a stone staircase leading up here.
Sorry, I don't know how to get there.
Sorry, I don't know how to get there.
4590 ||| Stepping randomly (stuck).
The ogre shouts!
There is a stone staircase leading up here.
Sorry, I don't know how to get there.
Sorry, I don't know how to get there.
4592 ||| Stepping randomly (stuck).
4593 ||| FLEEEEING.
There is a stone staircase leading up here.
You hit the ogre.
The ogre is moderately wounded.
The ogre hits you with a +0 giant club!!
You hit the ogre but do no damage.
The ogre is moderately wounded.
The ogre hits you with a +0 giant club!
You hit the ogre.
The ogre is moderately wounded.
You hit the ogre but do no damage.
The ogre is moderately wounded.
The ogre closely misses you.
You slash the ogre!
The ogre is severely wounded.
The ogre hits you with a +0 giant club!
You hit the ogre.
You feel better.
The ogre is almost dead.
You hit the ogre.
You feel better.
The ogre is almost dead.
The ogre hits you with a +0 giant club!
You die...

###J#######....
#....'........ #
#....#....... #.
#....#.. ... #. #..#
#.# #.#
#.##$.##..###.###.##
#
#.....#....#.......#
#
+.....'....#.......#
#
++###.#....#..O@...#
# #.#O...'.......# #
# #....#.......# #
###.########## # ###
#.. .... .... ....
.##.


You could see an ogre.

Vanquished Creatures
  Sigmund (D:4)
  Menkaure (D:4)
  An orc warrior (D:4)
  A phantom (D:4)
  A necrophage (D:4)
  A scorpion (D:5)
  A howler monkey (D:5)
  2 jellies
  Terence (D:3)
  Ijyb (D:4)
  2 iguanas (D:5)
  Natasha (thrice) (D:2)
  5 adders
  A river rat (D:2)
  A shadow imp (D:5)
  2 worms
  5 dart slugs
  6 orcs
  9 ball pythons
  5 endoplasms
  4 giant cockroaches
  13 goblins
  5 hobgoblins
  6 kobolds
  4 quokkas
  5 bats
  2 frilled lizards (D:1)
  7 rats
96 creatures vanquished.

Notes
Turn   | Place    | Note
-------+----------+-------------------------------------------
     0 | D:1      | qw the Gargoyle Fighter began the quest for the Orb.
     0 | D:1      | Reached XP level 1. HP: 14/14 MP: 1/1
     0 | D:1      | 0 ||| qw: Version: 0.2-a-10-g399e6c4
     0 | D:1      | 0 ||| qw: Game counter: 380
     0 | D:1      | 0 ||| qw: Always use a shield: true
     0 | D:1      | 0 ||| qw: God list: Okawaru
     0 | D:1      | 0 ||| qw: Allow faded altars: false
     0 | D:1      | 0 ||| qw: Do Orc after D:15 true
     0 | D:1      | 0 ||| qw: Do second Lair branch before Depths: true
     0 | D:1      | 0 ||| qw: Lair rune preference: random
     0 | D:1      | 0 ||| qw: Plans: Normal, Zot:1-4, God:TSO, Crypt, Tomb,
                  | Pan, Slime:5, Hells, Abyss, Orb
     0 | D:1      | 0 ||| PLANNING D:1-11
    83 | D:1      | 83 ||| Stepping ~*~*~tactically~*~*~ (stealth).
    85 | D:1      | 85 ||| Stepping ~*~*~tactically~*~*~ (stealth).
    86 | D:1      | 86 ||| Stepping ~*~*~tactically~*~*~ (stealth).
    88 | D:1      | 88 ||| Stepping ~*~*~tactically~*~*~ (stealth).
    91 | D:1      | Reached skill level 2 in Axes
   143 | D:1      | 143 ||| Stepping ~*~*~tactically~*~*~ (stealth).
   194 | D:1      | You fall into a shaft and drop 1 floor!
   200 | D:2      | 200 ||| UPGRADING to +0 cloak.
   205 | D:2      | 205 ||| UPGRADING to +0 pair of boots.
   212 | D:2      | 212 ||| FLEEEEING.
   213 | D:2      | 213 ||| FLEEEEING.
   214 | D:2      | 214 ||| FLEEEEING.
   216 | D:2      | 216 ||| STAIRDANCE
   257 | D:1      | Reached XP level 2. HP: 19/19 MP: 2/2
   476 | D:1      | Reached skill level 3 in Axes
   534 | D:1      | Reached XP level 3. HP: 23/23 MP: 3/3
   760 | D:1      | 760 ||| Stepping ~*~*~tactically~*~*~ (hiding).
   872 | D:1      | 872 ||| UPGRADING to +0 plate armour.
   882 | D:1      | 882 ||| DROPPING +0 scale mail.
   883 | D:1      | 883 ||| READING 2 scrolls labelled REXKOY SOFA.
   930 | D:2      | 930 ||| STAIRDANCE
   994 | D:2      | Noticed Natasha
   995 | D:2      | 995 ||| Stepping ~*~*~tactically~*~*~ (hiding).
  1002 | D:2      | Killed Natasha
  1003 | D:2      | Reached XP level 4. HP: 25/28 MP: 4/4
  1213 | D:2      | Noticed Natasha
  1226 | D:2      | HP: 7/28 [Natasha/puff of flame (8)]
  1228 | D:2      | Killed Natasha
  1229 | D:2      | Reached skill level 4 in Axes
  1479 | D:2      | 1479 ||| DROPPING +0 club.
  1751 | D:2      | Noticed Natasha
  1752 | D:2      | 1752 ||| Stepping ~*~*~tactically~*~*~ (hiding).
  1753 | D:2      | 1753 ||| Stepping ~*~*~tactically~*~*~ (hiding).
  1760 | D:2      | Killed Natasha
  1761 | D:2      | Reached XP level 5. HP: 25/32 MP: 5/5
  1962 | D:2      | 1962 ||| READING scroll labelled FYOCHOCROG.
  1963 | D:2      | 1963 ||| DRINKING 2 golden potions.
  1963 | D:2      | Gained mutation: Your flesh is heat resistant. (rF+)
                  | [potion of mutation]
  1963 | D:2      | Gained mutation: You are agile. (Dex +4, Str/Int -1)
                  | [potion of mutation]
  1963 | D:2      | Gained mutation: You are very agile. (Dex +8, Str/Int -2)
                  | [potion of mutation]
  1964 | D:2      | 1964 ||| READING 2 scrolls of identify.
  1964 | D:2      | 1964 ||| IDENTIFYING red potion
  1965 | D:2      | 1965 ||| DROPPING potion of magic.
  2003 | D:3      | 2003 ||| PLANNING SEWER
  2052 | D:3      | 2052 ||| Stepping ~*~*~tactically~*~*~ (stealth).
  2060 | D:3      | 2060 ||| DROPPING +0 whip.
  2064 | D:3      | Found a runed translucent gate.
  2064 | D:3      | Noticed qw's ghost (amateur GrFi)
  2065 | D:3      | Identified the +5 ring mail of Fedhas's Reproof {rF+ rC+}
  2106 | D:3      | 2106 ||| Stepping ~*~*~tactically~*~*~ (stealth).
  2252 | D:3      | Reached skill level 1 in Dodging
  2273 | D:3      | Found a glowing drain.
  2274 | D:3      | 2274 ||| FLEEEEING.
  2275 | D:3      | 2275 ||| FLEEEEING.
  2276 | D:3      | 2276 ||| FLEEEEING.
  2277 | D:3      | 2277 ||| FLEEEEING.
  2278 | D:3      | 2278 ||| FLEEEEING.
  2280 | D:3      | 2280 ||| FLEEEEING.
  2281 | D:3      | 2281 ||| FLEEEEING.
  2282 | D:3      | 2282 ||| FLEEEEING.
  2283 | D:3      | 2283 ||| FLEEEEING.
  2285 | D:3      | 2285 ||| FLEEEEING.
  2287 | D:3      | 2287 ||| FLEEEEING.
  2288 | D:3      | 2288 ||| FLEEEEING.
  2289 | D:3      | 2289 ||| FLEEEEING.
  2290 | D:3      | 2290 ||| FLEEEEING.
  2291 | D:3      | 2291 ||| FLEEEEING.
  2292 | D:3      | 2292 ||| FLEEEEING.
  2293 | D:3      | 2293 ||| FLEEEEING.
  2294 | D:3      | 2294 ||| FLEEEEING.
  2295 | D:3      | 2295 ||| FLEEEEING.
  2298 | D:3      | 2298 ||| FLEEEEING.
  2299 | D:3      | 2299 ||| FLEEEEING.
  2300 | D:3      | 2300 ||| FLEEEEING.
  2303 | D:3      | 2303 ||| FLEEEEING.
  2304 | D:3      | 2304 ||| FLEEEEING.
  2305 | D:3      | 2305 ||| FLEEEEING.
  2306 | D:3      | 2306 ||| FLEEEEING.
  2307 | D:3      | 2307 ||| FLEEEEING.
  2308 | D:3      | 2308 ||| FLEEEEING.
  2309 | D:3      | 2309 ||| FLEEEEING.
  2310 | D:3      | 2310 ||| FLEEEEING.
  2311 | D:3      | 2311 ||| FLEEEEING.
  2314 | D:3      | 2314 ||| FLEEEEING.
  2315 | D:3      | 2315 ||| FLEEEEING.
  2316 | D:3      | 2316 ||| FLEEEEING.
  2317 | D:3      | 2317 ||| FLEEEEING.
  2317 | D:3      | Found a runed translucent gate.
  2317 | D:3      | Found a runed translucent gate.
  2318 | D:3      | 2318 ||| FLEEEEING.
  2319 | D:3      | 2319 ||| FLEEEEING.
  2323 | D:3      | 2323 ||| FLEEEEING.
  2324 | D:3      | 2324 ||| FLEEEEING.
  2325 | D:3      | 2325 ||| FLEEEEING.
  2326 | D:3      | 2326 ||| FLEEEEING.
  2327 | D:3      | 2327 ||| FLEEEEING.
  2328 | D:3      | 2328 ||| STAIRDANCE
  2330 | D:2      | 2330 ||| UPGRADING to amulet of regeneration.
  2335 | D:2      | 2335 ||| READING scroll labelled JODGHU WUTEARUQ.
  2336 | D:2      | 2336 ||| READING scroll labelled BOEP QONISUO.
  2339 | D:2      | 2339 ||| READING scroll labelled NIOHAJO NURE.
  2340 | D:2      | 2340 ||| DRINKING 2 sedimented silvery potions.
  2441 | D:2      | 2441 ||| DROPPING potion of ambrosia.
  2454 | D:3      | 2454 ||| FLEEEEING.
  2455 | D:3      | 2455 ||| STAIRDANCE
  2459 | D:3      | 2459 ||| STAIRDANCE
  2468 | D:3      | 2468 ||| STAIRDANCE
  2494 | D:3      | 2494 ||| FLEEEEING.
  2512 | D:3      | 2512 ||| FLEEEEING.
  2525 | D:3      | 2525 ||| FLEEEEING.
  2527 | D:3      | 2527 ||| FLEEEEING.
  2528 | D:3      | 2528 ||| FLEEEEING.
  2529 | D:3      | 2529 ||| FLEEEEING.
  2538 | D:3      | 2538 ||| STAIRDANCE
  2542 | D:3      | 2542 ||| STAIRDANCE
  2547 | D:3      | 2547 ||| FLEEEEING.
  2548 | D:3      | 2548 ||| STAIRDANCE
  2553 | D:3      | 2553 ||| FLEEEEING.
  2554 | D:3      | 2554 ||| STAIRDANCE
  2563 | D:3      | 2563 ||| STAIRDANCE
  2625 | Sewer    | Entered a sewer
  2651 | D:3      | 2651 ||| PLANNING D:1-11
  2702 | D:3      | Found a bloodstained altar of Trog.
  2741 | D:3      | Noticed Terence
  2749 | D:3      | Killed Terence
  2750 | D:3      | Reached skill level 5 in Axes
  2752 | D:3      | 2752 ||| SWAPPING to +1 vampiric hand axe.
  2779 | D:3      | Found a sparkling altar of Nemelex Xobeh.
  2779 | D:3      | Found a glowing silver altar of Zin.
  2922 | D:3      | Found a runed translucent door.
  2923 | D:3      | Noticed Crazy Yiuf
  3109 | D:3      | 3109 ||| DROPPING ring of magical power.
  3110 | D:3      | 3110 ||| READING scroll labelled TITTAI LITIOD.
  3149 | D:4      | Noticed a phantom
  3150 | D:4      | 3150 ||| Stepping ~*~*~tactically~*~*~ (stealth).
  3170 | D:4      | Killed a phantom
  3171 | D:4      | Reached XP level 6. HP: 39/39 MP: 6/6
  3192 | D:4      | 3192 ||| READING scroll of enchant armour.
  3192 | D:4      | 3192 ||| ENCHANTING +0 pair of boots.
  3249 | D:4      | Noticed Sigmund
  3250 | D:4      | 3250 ||| Stepping ~*~*~tactically~*~*~ (hiding).
  3250 | D:4      | Found a radiant altar of Vehumet.
  3253 | D:4      | 3253 ||| Stepping ~*~*~tactically~*~*~ (hiding).
  3344 | D:4      | Noticed Ijyb
  3345 | D:4      | 3345 ||| Stepping ~*~*~tactically~*~*~ (hiding).
  3357 | D:4      | Killed Ijyb
  3479 | D:4      | Found a stormy altar of Qazlal.
  3479 | D:4      | Noticed Menkaure
  3489 | D:4      | Killed Menkaure
  3490 | D:4      | Reached skill level 6 in Axes
  3490 | D:4      | Reached XP level 7. HP: 15/44 MP: 7/7
  3533 | D:4      | Found an opulent altar of Gozag.
  3535 | D:4      | Identified the +1 ring mail of the Shore {Str+3}
  3561 | D:4      | Found the +8 trident of the Octopus King {venom, rElec
                  | rPois}
  3585 | D:4      | 3585 ||| DROPPING +1 whip of electrocution.
  3779 | D:4      | 3779 ||| DRINKING 2 potions of curing.
  3779 | D:4      | 3779 ||| (to cure confusion)
  3791 | D:4      | 3791 ||| DRINKING potion of curing.
  3791 | D:4      | 3791 ||| (to cure confusion)
  3796 | D:4      | Killed Sigmund
  4021 | D:4      | 4021 ||| READING scroll labelled MUHEFA JUNAE.
  4030 | D:4      | 4030 ||| READING scroll labelled AHEH WATEIHOD.
  4031 | D:4      | 4031 ||| READING scroll labelled ARHAAV HODI.
  4032 | D:4      | 4032 ||| READING scroll labelled DADAUDGH HUWKAG.
  4105 | D:5      | Entered Level 5 of the Dungeon
  4134 | D:5      | Reached skill level 7 in Axes
  4149 | D:5      | Reached XP level 8. HP: 48/48 MP: 8/8
  4209 | D:5      | Found a shadowy altar of Dithmenos.
  4211 | D:5      | Found an iron altar of Okawaru.
  4212 | D:5      | 4212 ||| PLANNING OKAWARU WORSHIP
  4212 | D:5      | 4212 ||| READING scroll of teleportation.
  4215 | D:5      | 4215 ||| Stepping randomly (stuck).
  4216 | D:5      | 4216 ||| Stepping randomly (stuck).
  4217 | D:5      | 4217 ||| Stepping randomly (stuck).
  4218 | D:5      | 4218 ||| Stepping randomly (stuck).
  4219 | D:5      | 4219 ||| Stepping randomly (stuck).
  4220 | D:5      | 4220 ||| Stepping randomly (stuck).
  4221 | D:5      | 4221 ||| Stepping randomly (stuck).
  4222 | D:5      | 4222 ||| Stepping randomly (stuck).
  4223 | D:5      | 4223 ||| Stepping randomly (stuck).
  4224 | D:5      | 4224 ||| Stepping randomly (stuck).
  4225 | D:5      | 4225 ||| Stepping randomly (stuck).
  4226 | D:5      | 4226 ||| Stepping randomly (stuck).
  4227 | D:5      | 4227 ||| Stepping randomly (stuck).
  4228 | D:5      | 4228 ||| Stepping randomly (stuck).
  4229 | D:5      | 4229 ||| Stepping randomly (stuck).
  4230 | D:5      | 4230 ||| Stepping randomly (stuck).
  4231 | D:5      | 4231 ||| Stepping randomly (stuck).
  4232 | D:5      | 4232 ||| Stepping randomly (stuck).
  4233 | D:5      | 4233 ||| Stepping randomly (stuck).
  4234 | D:5      | 4234 ||| Stepping randomly (stuck).
  4235 | D:5      | 4235 ||| Stepping randomly (stuck).
  4236 | D:5      | 4236 ||| Stepping randomly (stuck).
  4237 | D:5      | 4237 ||| Stepping randomly (stuck).
  4238 | D:5      | 4238 ||| Stepping randomly (stuck).
  4239 | D:5      | 4239 ||| Stepping randomly (stuck).
  4240 | D:5      | 4240 ||| Stepping randomly (stuck).
  4241 | D:5      | 4241 ||| Stepping randomly (stuck).
  4242 | D:5      | 4242 ||| Stepping randomly (stuck).
  4243 | D:5      | 4243 ||| Stepping randomly (stuck).
  4244 | D:5      | 4244 ||| Stepping randomly (stuck).
  4245 | D:5      | 4245 ||| Stepping randomly (stuck).
  4246 | D:5      | 4246 ||| Stepping randomly (stuck).
  4247 | D:5      | 4247 ||| Stepping randomly (stuck).
  4248 | D:5      | 4248 ||| Stepping randomly (stuck).
  4249 | D:5      | 4249 ||| Stepping randomly (stuck).
  4250 | D:5      | 4250 ||| Stepping randomly (stuck).
  4251 | D:5      | 4251 ||| Stepping randomly (stuck).
  4252 | D:5      | 4252 ||| Stepping randomly (stuck).
  4253 | D:5      | 4253 ||| Stepping randomly (stuck).
  4254 | D:5      | 4254 ||| Stepping randomly (stuck).
  4255 | D:5      | 4255 ||| Stepping randomly (stuck).
  4256 | D:5      | 4256 ||| Stepping randomly (stuck).
  4257 | D:5      | 4257 ||| Stepping randomly (stuck).
  4258 | D:5      | 4258 ||| Stepping randomly (stuck).
  4259 | D:5      | 4259 ||| Stepping randomly (stuck).
  4260 | D:5      | 4260 ||| Stepping randomly (stuck).
  4261 | D:5      | 4261 ||| Stepping randomly (stuck).
  4262 | D:5      | 4262 ||| Stepping randomly (stuck).
  4263 | D:5      | 4263 ||| Stepping randomly (stuck).
  4264 | D:5      | 4264 ||| Stepping randomly (stuck).
  4265 | D:5      | 4265 ||| Stepping randomly (stuck).
  4266 | D:5      | 4266 ||| Stepping randomly (stuck).
  4267 | D:5      | 4267 ||| Stepping randomly (stuck).
  4268 | D:5      | 4268 ||| Stepping randomly (stuck).
  4269 | D:5      | 4269 ||| Stepping ~*~*~tactically~*~*~ (hiding).
  4285 | D:5      | 4285 ||| Stepping randomly (stuck).
  4286 | D:5      | 4286 ||| Stepping randomly (stuck).
  4287 | D:5      | 4287 ||| Stepping randomly (stuck).
  4288 | D:5      | 4288 ||| Stepping randomly (stuck).
  4289 | D:5      | 4289 ||| Stepping randomly (stuck).
  4290 | D:5      | 4290 ||| Stepping randomly (stuck).
  4291 | D:5      | 4291 ||| Stepping randomly (stuck).
  4292 | D:5      | 4292 ||| Stepping randomly (stuck).
  4293 | D:5      | 4293 ||| Stepping randomly (stuck).
  4294 | D:5      | 4294 ||| Stepping randomly (stuck).
  4295 | D:5      | 4295 ||| Stepping randomly (stuck).
  4296 | D:5      | 4296 ||| Stepping randomly (stuck).
  4297 | D:5      | 4297 ||| Stepping randomly (stuck).
  4298 | D:5      | 4298 ||| Stepping randomly (stuck).
  4299 | D:5      | 4299 ||| Stepping randomly (stuck).
  4300 | D:5      | 4300 ||| Stepping randomly (stuck).
  4301 | D:5      | 4301 ||| Stepping randomly (stuck).
  4302 | D:5      | 4302 ||| Stepping randomly (stuck).
  4303 | D:5      | 4303 ||| Stepping randomly (stuck).
  4304 | D:5      | 4304 ||| Stepping randomly (stuck).
  4305 | D:5      | 4305 ||| Stepping randomly (stuck).
  4306 | D:5      | 4306 ||| Stepping randomly (stuck).
  4307 | D:5      | 4307 ||| Stepping randomly (stuck).
  4308 | D:5      | 4308 ||| Stepping randomly (stuck).
  4309 | D:5      | 4309 ||| Stepping randomly (stuck).
  4310 | D:5      | 4310 ||| Stepping randomly (stuck).
  4311 | D:5      | 4311 ||| Stepping randomly (stuck).
  4312 | D:5      | 4312 ||| Stepping randomly (stuck).
  4313 | D:5      | 4313 ||| Stepping randomly (stuck).
  4314 | D:5      | 4314 ||| Stepping randomly (stuck).
  4315 | D:5      | 4315 ||| Stepping randomly (stuck).
  4316 | D:5      | 4316 ||| Stepping randomly (stuck).
  4317 | D:5      | 4317 ||| Stepping randomly (stuck).
  4318 | D:5      | 4318 ||| Stepping randomly (stuck).
  4319 | D:5      | 4319 ||| Stepping randomly (stuck).
  4320 | D:5      | 4320 ||| Stepping randomly (stuck).
  4321 | D:5      | 4321 ||| Stepping randomly (stuck).
  4322 | D:5      | 4322 ||| Stepping randomly (stuck).
  4323 | D:5      | 4323 ||| Stepping randomly (stuck).
  4324 | D:5      | 4324 ||| Stepping randomly (stuck).
  4325 | D:5      | 4325 ||| Stepping randomly (stuck).
  4326 | D:5      | 4326 ||| Stepping randomly (stuck).
  4327 | D:5      | 4327 ||| Stepping randomly (stuck).
  4328 | D:5      | 4328 ||| Stepping randomly (stuck).
  4329 | D:5      | 4329 ||| Stepping randomly (stuck).
  4330 | D:5      | 4330 ||| Stepping randomly (stuck).
  4331 | D:5      | 4331 ||| Stepping randomly (stuck).
  4332 | D:5      | 4332 ||| FLEEEEING.
  4333 | D:5      | 4333 ||| FLEEEEING.
  4337 | D:5      | 4337 ||| FLEEEEING.
  4338 | D:5      | 4338 ||| FLEEEEING.
  4339 | D:5      | 4339 ||| STAIRDANCE
  4343 | D:5      | 4343 ||| STAIRDANCE
  4356 | D:5      | 4356 ||| STAIRDANCE
  4372 | D:5      | 4372 ||| STAIRDANCE
  4376 | D:5      | 4376 ||| STAIRDANCE
  4380 | D:5      | 4380 ||| STAIRDANCE
  4384 | D:5      | 4384 ||| STAIRDANCE
  4388 | D:5      | 4388 ||| STAIRDANCE
  4392 | D:5      | 4392 ||| STAIRDANCE
  4396 | D:5      | 4396 ||| STAIRDANCE
  4400 | D:5      | 4400 ||| STAIRDANCE
  4404 | D:5      | 4404 ||| STAIRDANCE
  4408 | D:5      | 4408 ||| STAIRDANCE
  4412 | D:5      | 4412 ||| STAIRDANCE
  4416 | D:5      | 4416 ||| STAIRDANCE
  4420 | D:5      | 4420 ||| STAIRDANCE
  4424 | D:5      | 4424 ||| STAIRDANCE
  4428 | D:5      | 4428 ||| STAIRDANCE
  4432 | D:5      | 4432 ||| STAIRDANCE
  4436 | D:5      | 4436 ||| STAIRDANCE
  4440 | D:5      | 4440 ||| Stepping randomly (stuck).
  4441 | D:5      | 4441 ||| Stepping randomly (stuck).
  4442 | D:5      | 4442 ||| Stepping randomly (stuck).
  4443 | D:5      | 4443 ||| Stepping randomly (stuck).
  4444 | D:5      | 4444 ||| Stepping randomly (stuck).
  4445 | D:5      | 4445 ||| Stepping randomly (stuck).
  4446 | D:5      | 4446 ||| Stepping randomly (stuck).
  4447 | D:5      | 4447 ||| Stepping randomly (stuck).
  4448 | D:5      | 4448 ||| Stepping randomly (stuck).
  4449 | D:5      | 4449 ||| Stepping randomly (stuck).
  4450 | D:5      | 4450 ||| Stepping randomly (stuck).
  4451 | D:5      | 4451 ||| Stepping randomly (stuck).
  4452 | D:5      | 4452 ||| Stepping randomly (stuck).
  4453 | D:5      | 4453 ||| Stepping randomly (stuck).
  4454 | D:5      | 4454 ||| Stepping randomly (stuck).
  4455 | D:5      | 4455 ||| Stepping randomly (stuck).
  4456 | D:5      | 4456 ||| Stepping randomly (stuck).
  4457 | D:5      | 4457 ||| Stepping randomly (stuck).
  4458 | D:5      | 4458 ||| Stepping randomly (stuck).
  4459 | D:5      | 4459 ||| Stepping randomly (stuck).
  4460 | D:5      | 4460 ||| Stepping randomly (stuck).
  4461 | D:5      | 4461 ||| Stepping randomly (stuck).
  4462 | D:5      | 4462 ||| Stepping randomly (stuck).
  4463 | D:5      | 4463 ||| Stepping randomly (stuck).
  4464 | D:5      | 4464 ||| Stepping randomly (stuck).
  4465 | D:5      | 4465 ||| Stepping randomly (stuck).
  4466 | D:5      | 4466 ||| Stepping randomly (stuck).
  4467 | D:5      | 4467 ||| Stepping randomly (stuck).
  4468 | D:5      | 4468 ||| Stepping randomly (stuck).
  4469 | D:5      | 4469 ||| Stepping randomly (stuck).
  4470 | D:5      | 4470 ||| Stepping randomly (stuck).
  4471 | D:5      | 4471 ||| Stepping randomly (stuck).
  4472 | D:5      | 4472 ||| Stepping randomly (stuck).
  4473 | D:5      | 4473 ||| Stepping randomly (stuck).
  4474 | D:5      | 4474 ||| Stepping randomly (stuck).
  4475 | D:5      | 4475 ||| Stepping randomly (stuck).
  4476 | D:5      | 4476 ||| Stepping randomly (stuck).
  4477 | D:5      | 4477 ||| Stepping randomly (stuck).
  4478 | D:5      | 4478 ||| Stepping randomly (stuck).
  4479 | D:5      | 4479 ||| Stepping randomly (stuck).
  4480 | D:5      | 4480 ||| Stepping randomly (stuck).
  4481 | D:5      | 4481 ||| Stepping randomly (stuck).
  4482 | D:5      | 4482 ||| Stepping randomly (stuck).
  4483 | D:5      | 4483 ||| Stepping randomly (stuck).
  4484 | D:5      | 4484 ||| Stepping randomly (stuck).
  4485 | D:5      | 4485 ||| Stepping randomly (stuck).
  4486 | D:5      | 4486 ||| Stepping randomly (stuck).
  4487 | D:5      | 4487 ||| Stepping randomly (stuck).
  4488 | D:5      | 4488 ||| Stepping randomly (stuck).
  4489 | D:5      | 4489 ||| Stepping randomly (stuck).
  4490 | D:5      | 4490 ||| Stepping randomly (stuck).
  4491 | D:5      | 4491 ||| Stepping randomly (stuck).
  4492 | D:5      | 4492 ||| Stepping randomly (stuck).
  4493 | D:5      | 4493 ||| Stepping randomly (stuck).
  4494 | D:5      | 4494 ||| Stepping randomly (stuck).
  4495 | D:5      | 4495 ||| Stepping randomly (stuck).
  4496 | D:5      | 4496 ||| Stepping randomly (stuck).
  4497 | D:5      | 4497 ||| Stepping randomly (stuck).
  4498 | D:5      | 4498 ||| Stepping randomly (stuck).
  4499 | D:5      | 4499 ||| Stepping randomly (stuck).
  4500 | D:5      | 4500 ||| Stepping randomly (stuck).
  4501 | D:5      | 4501 ||| Stepping randomly (stuck).
  4502 | D:5      | 4502 ||| Stepping randomly (stuck).
  4503 | D:5      | 4503 ||| Stepping randomly (stuck).
  4504 | D:5      | 4504 ||| Stepping randomly (stuck).
  4505 | D:5      | 4505 ||| Stepping randomly (stuck).
  4506 | D:5      | 4506 ||| Stepping randomly (stuck).
  4507 | D:5      | 4507 ||| Stepping randomly (stuck).
  4508 | D:5      | 4508 ||| Stepping randomly (stuck).
  4509 | D:5      | 4509 ||| Stepping randomly (stuck).
  4510 | D:5      | 4510 ||| Stepping randomly (stuck).
  4511 | D:5      | 4511 ||| Stepping randomly (stuck).
  4512 | D:5      | 4512 ||| Stepping randomly (stuck).
  4513 | D:5      | 4513 ||| Stepping randomly (stuck).
  4514 | D:5      | 4514 ||| Stepping randomly (stuck).
  4515 | D:5      | 4515 ||| Stepping randomly (stuck).
  4516 | D:5      | 4516 ||| Stepping randomly (stuck).
  4517 | D:5      | 4517 ||| Stepping randomly (stuck).
  4518 | D:5      | 4518 ||| Stepping randomly (stuck).
  4519 | D:5      | 4519 ||| Stepping randomly (stuck).
  4520 | D:5      | 4520 ||| Stepping randomly (stuck).
  4521 | D:5      | 4521 ||| Stepping randomly (stuck).
  4522 | D:5      | 4522 ||| Stepping randomly (stuck).
  4523 | D:5      | 4523 ||| Stepping randomly (stuck).
  4524 | D:5      | 4524 ||| Stepping randomly (stuck).
  4525 | D:5      | 4525 ||| Stepping randomly (stuck).
  4526 | D:5      | 4526 ||| Stepping randomly (stuck).
  4527 | D:5      | 4527 ||| Stepping randomly (stuck).
  4528 | D:5      | 4528 ||| Stepping randomly (stuck).
  4529 | D:5      | 4529 ||| Stepping randomly (stuck).
  4530 | D:5      | 4530 ||| Stepping randomly (stuck).
  4531 | D:5      | 4531 ||| Stepping randomly (stuck).
  4532 | D:5      | 4532 ||| Stepping randomly (stuck).
  4533 | D:5      | 4533 ||| Stepping randomly (stuck).
  4534 | D:5      | 4534 ||| Stepping randomly (stuck).
  4535 | D:5      | 4535 ||| Stepping randomly (stuck).
  4536 | D:5      | 4536 ||| Stepping randomly (stuck).
  4537 | D:5      | 4537 ||| Stepping randomly (stuck).
  4538 | D:5      | 4538 ||| Stepping randomly (stuck).
  4539 | D:5      | 4539 ||| Stepping randomly (stuck).
  4540 | D:5      | 4540 ||| Stepping randomly (stuck).
  4541 | D:5      | 4541 ||| Stepping randomly (stuck).
  4542 | D:5      | 4542 ||| Stepping randomly (stuck).
  4543 | D:5      | 4543 ||| Stepping randomly (stuck).
  4544 | D:5      | 4544 ||| Stepping randomly (stuck).
  4545 | D:5      | 4545 ||| Stepping randomly (stuck).
  4546 | D:5      | 4546 ||| Stepping randomly (stuck).
  4547 | D:5      | 4547 ||| Stepping randomly (stuck).
  4548 | D:5      | 4548 ||| Stepping randomly (stuck).
  4549 | D:5      | 4549 ||| Stepping randomly (stuck).
  4550 | D:5      | 4550 ||| Stepping randomly (stuck).
  4551 | D:5      | 4551 ||| Stepping randomly (stuck).
  4552 | D:5      | 4552 ||| Stepping randomly (stuck).
  4553 | D:5      | 4553 ||| Stepping randomly (stuck).
  4554 | D:5      | 4554 ||| Stepping randomly (stuck).
  4555 | D:5      | 4555 ||| Stepping randomly (stuck).
  4556 | D:5      | 4556 ||| Stepping randomly (stuck).
  4557 | D:5      | 4557 ||| Stepping randomly (stuck).
  4558 | D:5      | 4558 ||| Stepping randomly (stuck).
  4559 | D:5      | 4559 ||| Stepping randomly (stuck).
  4560 | D:5      | 4560 ||| Stepping randomly (stuck).
  4561 | D:5      | 4561 ||| Stepping randomly (stuck).
  4562 | D:5      | 4562 ||| Stepping randomly (stuck).
  4563 | D:5      | 4563 ||| Stepping randomly (stuck).
  4564 | D:5      | 4564 ||| Stepping randomly (stuck).
  4565 | D:5      | 4565 ||| Stepping randomly (stuck).
  4566 | D:5      | 4566 ||| Stepping randomly (stuck).
  4567 | D:5      | 4567 ||| Stepping randomly (stuck).
  4568 | D:5      | 4568 ||| Stepping randomly (stuck).
  4569 | D:5      | 4569 ||| Stepping randomly (stuck).
  4570 | D:5      | 4570 ||| Stepping randomly (stuck).
  4571 | D:5      | 4571 ||| Stepping randomly (stuck).
  4572 | D:5      | 4572 ||| Stepping randomly (stuck).
  4573 | D:5      | 4573 ||| Stepping randomly (stuck).
  4574 | D:5      | 4574 ||| Stepping randomly (stuck).
  4575 | D:5      | 4575 ||| Stepping randomly (stuck).
  4576 | D:5      | 4576 ||| Stepping randomly (stuck).
  4577 | D:5      | 4577 ||| Stepping randomly (stuck).
  4578 | D:5      | 4578 ||| Stepping randomly (stuck).
  4579 | D:5      | 4579 ||| Stepping randomly (stuck).
  4580 | D:5      | 4580 ||| Stepping randomly (stuck).
  4581 | D:5      | 4581 ||| Stepping randomly (stuck).
  4582 | D:5      | 4582 ||| Stepping randomly (stuck).
  4583 | D:5      | 4583 ||| Stepping randomly (stuck).
  4584 | D:5      | 4584 ||| Stepping randomly (stuck).
  4585 | D:5      | 4585 ||| Stepping randomly (stuck).
  4586 | D:5      | 4586 ||| Stepping randomly (stuck).
  4587 | D:5      | 4587 ||| Stepping randomly (stuck).
  4588 | D:5      | 4588 ||| Stepping randomly (stuck).
  4589 | D:5      | 4589 ||| FLEEEEING.
  4590 | D:5      | 4590 ||| Stepping randomly (stuck).
  4592 | D:5      | 4592 ||| Stepping randomly (stuck).
  4593 | D:5      | 4593 ||| FLEEEEING.
  4601 | D:5      | HP: 4/49 [ogre/+0 giant club (13)]
  4603 | D:5      | Slain by an ogre

Levels and vault maps discovered:
D:1:      dpeg_arrival_boxes_within_box, layout_basic
D:2:      layout_rooms, uniq_natasha
D:3:      layout_basic, old_standard_altar, gammafunk_temple_overflow_statue,
          portal_sewer_entry_e, biasface_ghost_orc_armoury,
          amcnicky_mini_rare_corridor_liquid, uniq_terence,
          uniq_crazy_yiuf_cottage
D:4:      minmay_clustersquares, layout_loops_ring,
          mainiacjoe_overflow_catch_the_wave,
          mainiacjoe_overflow_surrounded_room, uniq_sigmund, uniq_menkaure,
          uniq_ijyb
D:5:      layout_gridville, mainiacjoe_overflow_cross_hatched,
          mainiacjoe_overflow_boulevard, mainiacjoe_overflow_alcove_4,
          mainiacjoe_overflow_catwalk_spiral

Skill      XL: |  1  2  3  4  5  6  7  8 |
---------------+-------------------------+-----
Axes           | 2 3 4 5 6 7 |  7.1
Dodging        | 1 |  1.0
Fighting       | 4 5 |  5.2
Armour         | 4 5 |  5.0
Shields        | |  3.2

Action                   |  1- 3 |  4- 6 |  7- 9 || total
-------------------------+-------+-------+-------++-------
Melee: War axe           |    83 |    88 |       ||   171
       Hand axe          |       |    79 |   146 ||   225
  Use: Scroll            |     1 |     7 |     5 ||    13
       Potion            |       |     2 |     2 ||     4
Armor: Scale mail        |    36 |       |       ||    36
       Plate armour      |     5 |    82 |    71 ||   158
Dodge: Dodged            |    36 |    40 |    24 ||   100
Block: Buckler           |    13 |    20 |    27 ||    60

Table legend:
 A = Non-vault XP
 B = Vault XP
 C = Vault XP percentage of total XP
 D = Non-vault monster count
 E = Vault monster count
 F = Vault count percentage of total count
                 A         B        C        D         E       F
            +---------+---------+-------+---------+---------+-------
      Total |     741 |     677 |  47.7 |      70 |      26 |  27.1
            +---------+---------+-------+---------+---------+-------
        D:1 |      44 |       0 |   0.0 |      26 |       0 |   0.0
        D:2 |     107 |      48 |  31.0 |      14 |       2 |  12.5
        D:3 |      34 |      51 |  60.0 |       9 |       8 |  47.1
        D:4 |     277 |     578 |  67.6 |      13 |      16 |  55.2
        D:5 |     279 |       0 |   0.0 |       8 |       0 |   0.0
            +---------+---------+-------+---------+---------+-------
